 Dungeon Crawl Stone Soup version 0.25-a0-613-gf4b266557c (webtiles) character file.

Game seed: 12870645647857687937, levelgen mode: deterministic

148236 panpanculcul the Warrior (level 18, -10/125 HPs)
             Began as a Kobold Berserker on Mar 16, 2020.
             Was an Elder of Trog.
             Killed from afar by a nagaraja (11 damage)
             ... with a poison arrow
             ... on level 4 of the Snake Pit on Mar 17, 2020.
             The game lasted 03:47:16 (48795 turns).

panpanculcul the Warrior (Kobold Berserker)        Turns: 48795, Time: 03:47:16

Health: -10/125    AC: 17    Str: 25    XL:     18   Next: 11%
Magic:  28/28      EV: 29    Int:  4    God:    Trog [****..]
Gold:   2105       SH:  8    Dex: 24    Spells: 17/17 levels left

rFire    + . .     SeeInvis .   a - +2 falchion "Xavuobu" {flame, rPois rF+ Int-5}
rCold    + + +     Gourm    .   u - +0 buckler {AC+3}
rNeg     . . .     Faith    .   E - +3 ring mail of Surprise {Slay+2}
rPois    +         Spirit   .   (no helmet)
rElec    .         Reflect  .   S - +1 cloak
rCorr    .         Harm     .   D - +0 pair of gloves of Luavvasm {rC++ Dex+5}
MR       +++..                  z - +0 pair of boots
Stlth    +++.......             (no amulet)
HPRegen  1.30/turn              C - ring of Xaisampapp {Str+4 Dex+4 Slay+5}
MPRegen  0.21/turn              J - ring of the Aged Wonders {rC+ Slay+6}

@: lethally poisoned (-10 -> -11), about to teleport, berserk cooldown, very
slightly contaminated, regenerating, slowed, constricted, invisible, very slow
A: small, carnivore
a: Berserk, Trog's Hand, Brothers in Arms, Renounce Religion


You were on level 4 of the Snake Pit.
You worshipped Trog.
Trog was greatly pleased with you.
You were full.

You visited 5 branches of the dungeon, and saw 28 of its levels.

You collected 2701 gold pieces.
You spent 596 gold pieces at shops.

Inventory:

Hand Weapons
 a - the +2 falchion "Xavuobu" (weapon) {flame, rPois rF+ Int-5}
   (Trog gifted it to you on level 1 of the Snake Pit)

   It has been specially enchanted to burn those struck by it, causing extra
   injury to most foes and up to half again as much damage against particularly
   susceptible opponents.
   Big, fiery blades are also staple armaments of hydra-hunters.
   It affects your intelligence (-5).
   It protects you from fire.
   It protects you from poison.
 b - a +0 hand crossbow of flaming
 m - a +4 antimagic rapier
 w - a +5 rapier of venom
 y - a +5 vorpal rapier
Missiles
 o - 576 bolts
 P - 2 throwing nets (quivered)
 Y - 2 boomerangs of dispersal
Armour
 u - a +0 buckler of protection (worn)
 z - a +0 pair of boots (worn)
 D - the +0 pair of gloves of Luavvasm (worn) {rC++ Dex+5}
   (You found it on level 6 of the Dungeon)

   It affects your dexterity (+5).
   It greatly protects you from cold.
 E - the +3 ring mail of Surprise (worn) {Slay+2}
   (You found it on level 4 of the Snake Pit)

   It affects your accuracy and damage with ranged weapons and melee attacks
   (+2).
 S - a +1 cloak (worn)
Jewellery
 j - an uncursed ring of resist corrosion
 A - a +6 ring of protection
 C - the ring of Xaisampapp (left hand) {Str+4 Dex+4 Slay+5}
   (You found it on level 6 of the Lair of Beasts)

   [ring of strength]

   It affects your strength (+4).
   It affects your dexterity (+4).
   It affects your accuracy and damage with ranged weapons and melee attacks
   (+5).
 J - the ring of the Aged Wonders (right hand) {rC+ Slay+6}
   (You found it on level 6 of the Lair of Beasts)

   [ring of protection from cold]

   It affects your accuracy and damage with ranged weapons and melee attacks
   (+6).
   It protects you from cold.
 L - an uncursed ring of see invisible
Wands
 p - a wand of scattershot (1)
 t - a wand of disintegration (19)
 B - a wand of iceblast (8)
 F - a wand of enslavement (5)
 H - a wand of digging (5)
 I - a wand of paralysis (10)
 Q - a wand of clouds (9)
 T - a wand of acid (16)
Scrolls
 k - 5 scrolls of teleportation
 n - 5 scrolls of magic mapping
 q - 5 scrolls of remove curse
 r - a scroll of enchant weapon
 s - 3 scrolls of identify
 M - a scroll of fear {unknown}
 N - 5 scrolls of fog
 Z - 3 scrolls of enchant armour
Potions
 d - 3 potions of resistance
 e - 11 potions of curing
 f - a potion of invisibility
 g - 5 potions of flight
 h - 3 potions of heal wounds
 i - 2 potions of might
 l - 2 potions of berserk rage
 v - 3 potions of brilliance
 x - 2 potions of ambrosia
 G - 2 potions of stabbing
 R - 2 potions of haste
 U - 3 potions of cancellation
 V - 2 potions of lignification
Miscellaneous
 O - a lightning rod (4/4)
 W - a lamp of fire
 X - a tin of tremorstones
Comestibles
 c - 43 rations


   Skills:
 + Level 18.0 Fighting
 - Level 14.0 Short Blades
 - Level 10.0 Crossbows
 - Level 6.8 Armour
 + Level 17.5 Dodging
 - Level 6.0 Stealth
 - Level 5.6 Shields
 - Level 14.0 Evocations


You had 17 spell levels left.
You didn't know any spells.
Your spell library was empty.

Dungeon Overview and Level Annotations

Branches:
Dungeon (15/15)            Temple (1/1) D:7            Lair (6/6) D:9
 Shoals (0/4) Lair:2        Snake (4/4) Lair:3        Slime (0/5) Lair:6
    Orc (2/2) D:10            Elf (0/3) Orc:2        Vaults (0/5) D:13
 Depths (0/5) D:15

Altars:
Ashenzari
Cheibriados
Dithmenos
Elyvilon
Fedhas
Gozag
Hepliaklqana
Kikubaaqudgha
Makhleb
Nemelex Xobeh
Okawaru
Qazlal
Ru
Sif Muna
Trog
Uskayaw
Vehumet
Wu Jian
Xom
Yredelemnul
Zin
The Shining One
Beogh
Jiyva

Shops:
D:6 %   D:8 =   D:12 [   Orc:1 *   Orc:2 *[[?

Annotations:
D:4 exclusion: 3 doors
D:5 exclusion: statue
D:11 exclusions: obsidian statue and orange crystal statue
Lair:2 exclusion: downstairs
Lair:3 exclusion: electric eel
Lair:6 1 runed translucent door, exclusion: door
Snake:3 exclusion: downstairs
Snake:4 3 exclusions


Innate Abilities, Weirdness & Mutations

You are small and have problems with some larger weapons.
You are carnivorous and can eat meat at any time.


Message History

The splash of poison hits you but does no damage.
You resist.
* * * LOW HITPOINT WARNING * * *
The nagaraja constricts you.
The guardian serpent completely misses you.
The guardian serpent misses you.
The nagaraja's grasp on you weakens, but your attempt to escape fails.
You feel sick.
The nagaraja is no longer moving quickly.
The nagaraja hits you with a +2 spear of venom!
* * * LOW HITPOINT WARNING * * *
x2 The nagaraja constricts you!
The guardian serpent misses you. The naga hits you with a +0 trident.
* * * LOW HITPOINT WARNING * * *
You block the guardian serpent's attack.
The nagaraja casts a spell at you. The poison arrow hits you!
You are lethally poisoned!
You partially resist.
You die...

#..........#.......###[.......#,,
...............#..?##...).....#,.
..........####.###......#.....#..
####.....## ####...###......#.#..
#...).####.....###...#...#.#..
###........###.##....##....#N.
#.).)..[..##....#..##.#.....
##..<#####..SS).)..((..).....
##.)#.....##.@#(N)##.##.##....
#.........##NN######.#..##....
#.#.............##.....###...#
##.#(....))#####...S#N..# #.###
##.(.........#####.....#.# #.###
#....#.................#.# #...#
#....#.##....##.##.....#.# #<...
#...#.[###...##.######...# #...<
###(##..###......# #(..###....


You could see a nagaraja, 2 guardian serpents and a naga.

Vanquished Creatures
  Vashnia (Snake:3)
  Donald (Orc:2)
  2 nagarajas (Snake:4)
  Harold (Lair:1)
  4 vault guards
  12 naga warriors
  3 hydras
  9 anacondas
  A catoblepas (Lair:6)
  3 centaur warriors
  A tengu warrior (D:15)
  4 death yaks
  7 two-headed ogres
  14 naga sharpshooters
  5 shock serpents
  A salamander mystic (Snake:4)
  2 wizards (D:15)
  2 unseen horrors
  A necromancer (D:15)
  The ghost of poopendork the Cleaver, a novice MiFi of Ru (D:5)
  2 naga ritualists
  6 mana vipers
  14 ugly things
  5 orc knights
  3 deep elf magi
  Pikel (D:6)
  A wolf spider zombie (D:15)
  2 orc sorcerers
  3 manticores
  15 salamanders
  7 cyclopes
  7 guardian serpents
  3 merfolk sirens (Lair:2)
  Maurice (D:13)
  26 black mambas
  4 elephants
  13 naga magi
  25 spiny frogs
  2 gargoyles
  5 rime drakes
  8 komodo dragons
  A freezing wraith (D:14)
  14 trolls
  3 tyrant leeches (Lair:6)
  A merfolk (Lair:2)
  18 blink frogs
  A hornet (D:8)
  3 slime creatures (D:14)
  A meliai zombie (D:15)
  4 hippogriffs
  Sigmund (D:4)
  A shadow (D:15)
  A spriggan (D:10)
  2 wyverns
  3 wraiths
  52 yaks
  A vampire (D:13)
  A hog (shapeshifter) (D:14)
  3 basilisks
  3 hungry ghosts
  9 vampire mosquitoes
  40 nagas
  2 wargs (Orc:2)
  An acid dragon (D:15)
  Edmund (D:4)
  A soldier ant (D:12)
  9 water moccasins
  47 orc warriors
  7 porcupines
  4 sky beasts
  A black bear (D:5)
  6 phantoms
  4 ice beasts
  A necrophage (D:9)
  A sky beast (shapeshifter) (D:13)
  12 ogres
  5 wolves
  20 centaurs
  13 crocodiles
  A big kobold (D:7)
  28 bullfrogs
  A wyvern zombie (D:10)
  3 gnoll sergeants
  2 wyvern skeletons
  4 scorpions
  8 killer bees
  5 wights (D:14)
  3 electric eels
  2 bullfrog zombies
  5 howler monkeys
  7 crimson imps
  8 centaur zombies
  6 hounds
  5 jellies
  26 orc wizards
  7 centaur skeletons
  18 orc priests
  A bullfrog skeleton (D:11)
  Jessica (D:3)
  4 iguanas
  9 worker ants
  A hound skeleton (D:8)
  7 gnolls
  10 adders
  A shadow imp (D:6)
  2 adder skeletons
  5 worms
  A dart slug (D:1)
  9 leopard geckos
  142 orcs
  11 bats
  7 giant cockroaches
  6 goblins
  5 hobgoblins
  17 jackals
  7 quokkas
  A ball python (D:3)
  8 frilled lizards
  10 kobolds
  A leopard gecko skeleton (D:4)
  A leopard gecko zombie (D:5)
  5 rats
  A bush (Lair:5)
938 creatures vanquished.

Vanquished Creatures (collateral kills)
  Maggie (Lair:1)
  A crocodile (Lair:2)
2 creatures vanquished.

Vanquished Creatures (others)
  A vampire mosquito (Lair:6)
  A slave (D:6)
  A killer bee (D:13)
  20 fungi
  53 plants
76 creatures vanquished.

Grand Total: 1016 creatures vanquished

Notes
Turn   | Place    | Note
-------+----------+-------------------------------------------
     0 | D:1      | panpanculcul the Kobold Berserker began the quest for the
                  | Orb.
     0 | D:1      | Reached XP level 1. HP: 14/14 MP: 1/1
   280 | D:1      | Reached XP level 2. HP: 19/19 MP: 2/2
   739 | D:1      | Reached XP level 3. HP: 13/23 MP: 3/3
  1217 | D:1      | Reached skill level 5 in Short Blades
  1472 | D:2      | Found a shimmering altar of Xom.
  1567 | D:2      | Reached ** piety under Trog
  1651 | D:2      | Reached XP level 4. HP: 25/29 MP: 4/4
  2787 | D:3      | Found a bloodstained altar of Trog.
  3137 | D:3      | Reached skill level 4 in Fighting
  3137 | D:3      | Reached XP level 5. HP: 33/33 MP: 5/5
  3340 | D:3      | Noticed Jessica
  3671 | D:3      | Reached *** piety under Trog
  4119 | D:4      | Reached XP level 6. HP: 31/39 MP: 6/6
  4696 | D:4      | Found a sparkling altar of Nemelex Xobeh.
  4761 | D:4      | Noticed Sigmund
  4772 | D:4      | Killed Sigmund
  4772 | D:4      | Reached skill level 5 in Fighting
  4772 | D:4      | Reached XP level 7. HP: 44/44 MP: 7/7
  5092 | D:4      | Reached skill level 5 in Dodging
  5252 | D:4      | Noticed Edmund
  5454 | D:5      | Entered Level 5 of the Dungeon
  5793 | D:5      | Reached XP level 8. HP: 43/50 MP: 8/8
  6100 | D:5      | Found a sacrificial altar of Ru.
  6772 | D:5      | Reached skill level 6 in Fighting
  6980 | D:5      | Reached skill level 10 in Short Blades
  7121 | D:5      | Found a radiant altar of Vehumet.
  7171 | D:5      | Reached XP level 9. HP: 56/56 MP: 9/9
  7242 | D:5      | Found a shimmering blue altar of Sif Muna.
  7530 | D:5      | Reached skill level 7 in Fighting
  7717 | D:5      | Reached **** piety under Trog
  8326 | D:6      | Found a runed translucent gate.
  8326 | D:6      | Found a runed translucent gate.
  8327 | D:6      | Found a runed translucent gate.
  8328 | D:6      | Noticed poopendork's ghost (novice MiFi)
  8332 | D:6      | Found a roughly hewn altar of Beogh.
  8333 | D:6      | Identified the cursed +0 chain mail of Mewif {rElec Str+5}
  8340 | D:6      | Found Raepeqab's Food Shoppe.
  8426 | D:6      | Noticed Pikel
  8466 | D:6      | Killed Pikel
  8466 | D:6      | Reached skill level 8 in Fighting
  9641 | D:7      | Reached XP level 10. HP: 48/65 MP: 10/10
 10215 | D:7      | Found an opulent altar of Gozag.
 10227 | D:7      | Found a staircase to the Ecumenical Temple.
 10448 | D:7      | Reached skill level 9 in Fighting
 10990 | Temple   | Entered the Ecumenical Temple
 11468 | D:8      | Found a snail-covered altar of Cheibriados.
 11780 | D:8      | Reached skill level 10 in Dodging
 12003 | D:8      | Found Tos Ata's Jewellery Emporium.
 12260 | D:8      | Found a hazy altar of Hepliaklqana.
 12260 | D:8      | Found a shadowy altar of Dithmenos.
 12695 | D:8      | Reached skill level 5 in Armour
 12695 | D:8      | Reached skill level 1 in Evocations
 12760 | D:9      | Found an iron altar of Okawaru.
 12760 | D:9      | Noticed a two-headed ogre
 12871 | D:8      | Reached skill level 10 in Fighting
 13222 | D:8      | Reached XP level 11. HP: 59/72 MP: 13/13
 13435 | D:9      | Found a staircase to the Lair.
 13528 | D:9      | Found a shimmering blue altar of Sif Muna.
 14135 | D:9      | Reached ***** piety under Trog
 14135 | D:9      | Received a gift from Trog
 14269 | D:10     | Entered Level 10 of the Dungeon
 14271 | D:10     | Upgraded the game from 0.25-a0-603-g0321be95db to
                  | 0.25-a0-613-gf4b266557c
 14415 | D:10     | Reached skill level 5 in Evocations
 14528 | D:9      | Killed a two-headed ogre
 15284 | D:10     | Found a staircase to the Orcish Mines.
 16161 | D:10     | Got a shimmering ring mail
 16188 | D:9      | Identified the +0 ring mail of Recklessness {rF+} (You
                  | found it on level 10 of the Dungeon)
 16727 | D:11     | Noticed an unseen horror
 16757 | D:11     | Killed an unseen horror
 16757 | D:11     | Reached skill level 11 in Fighting
 16936 | D:11     | Reached XP level 12. HP: 80/80 MP: 5/17
 17424 | D:11     | Noticed a two-headed ogre
 17444 | D:11     | Killed a two-headed ogre
 17711 | Lair:1   | Entered Level 1 of the Lair of Beasts
 18405 | Lair:1   | Noticed an eight-headed hydra
 19427 | Lair:1   | Noticed Harold
 19448 | Lair:1   | Killed Harold
 19807 | Lair:1   | Noticed Maggie
 19827 | Lair:1   | Killed Maggie
 20017 | Lair:1   | Killed a five-headed hydra
 20437 | Lair:2   | Found a staircase to the Shoals.
 20739 | Lair:2   | Reached XP level 13. HP: 85/85 MP: 6/19
 20892 | Lair:2   | Noticed a six-headed hydra
 20911 | Lair:2   | Killed a four-headed hydra
 20993 | Lair:2   | Reached skill level 12 in Fighting
 22316 | Lair:3   | Reached skill level 10 in Evocations
 22704 | Lair:3   | Found a staircase to the Snake Pit.
 24200 | Lair:4   | Reached skill level 1 in Crossbows
 24965 | Lair:5   | Found an ancient bone altar of Kikubaaqudgha.
 25019 | Lair:5   | Reached skill level 1 in Shields
 25664 | Lair:5   | Reached skill level 13 in Fighting
 26367 | Orc:1    | Entered Level 1 of the Orcish Mines
 26475 | Orc:2    | Entered Level 2 of the Orcish Mines
 26950 | Orc:1    | Reached XP level 14. HP: 90/94 MP: 7/21
 27071 | Orc:1    | Found Ykkov's Assorted Antiques.
 27710 | Orc:2    | Found a roughly hewn altar of Beogh.
 28303 | Orc:2    | Noticed Donald
 28338 | Orc:2    | Killed Donald
 29111 | Orc:2    | Found a staircase to the Elven Halls.
 29315 | Orc:2    | Reached skill level 5 in Crossbows
 29442 | Orc:2    | Found Ybaneelo's Antique Armour Shop.
 29442 | Orc:2    | Found Zumm's Antique Armour Emporium.
 29444 | Orc:2    | Found Runor's Assorted Antiques.
 29446 | Orc:2    | Found Giyfetsics's Magic Scroll Boutique.
 29459 | Orc:2    | Bought a glowing cloak for 232 gold pieces
 29467 | Orc:2    | Bought a scroll of identify for 28 gold pieces
 29467 | Orc:2    | Bought a scroll of identify for 28 gold pieces
 29467 | Orc:2    | Bought a scroll of magic mapping for 49 gold pieces
 29467 | Orc:2    | Bought a scroll of identify for 28 gold pieces
 29467 | Orc:2    | Bought a scroll of teleportation for 42 gold pieces
 29467 | Orc:2    | Bought a scroll of enchant armour for 105 gold pieces
 29472 | Orc:2    | Bought a scroll of magic mapping for 84 gold pieces
 29884 | Lair:6   | Entered Level 6 of the Lair of Beasts
 29884 | Lair:6   | Found a runed translucent door.
 29884 | Lair:6   | Found a viscous altar of Jiyva.
 30300 | Lair:5   | Reached skill level 14 in Fighting
 31081 | Lair:6   | Reached skill level 5 in Shields
 31493 | Lair:6   | Received a gift from Trog
 32170 | Lair:6   | Noticed an azure jelly
 32171 | Lair:6   | Noticed an azure jelly
 32174 | Lair:6   | Found a staircase to the Slime Pits.
 32428 | Lair:6   | Reached XP level 15. HP: 101/101 MP: 7/22
 32554 | Lair:6   | Got a scintillating iron ring
 32558 | Lair:6   | Got a slimy tin ring
 32863 | Lair:6   | Identified the ring of Xaisampapp {Str+4 Dex+4 Slay+5} (You
                  | found it on level 6 of the Lair of Beasts)
 32865 | Lair:6   | Identified the ring of the Aged Wonders {rC+ Slay+6} (You
                  | found it on level 6 of the Lair of Beasts)
 33202 | D:4      | Killed Edmund
 33276 | D:3      | Killed Jessica
 33561 | D:5      | Killed poopendork's ghost
 33662 | D:6      | Got a pair of brightly glowing gloves
 33674 | D:6      | Identified the +0 pair of gloves of Luavvasm {rC++ Dex+5}
                  | (You found it on level 6 of the Dungeon)
 33918 | D:12     | Received a gift from Trog
 34287 | D:12     | Reached skill level 15 in Fighting
 34762 | D:12     | Found Liticrut's Antique Armour Shop.
 35104 | D:13     | Found a gate to the Vaults.
 35254 | D:12     | Reached skill level 15 in Dodging
 35768 | D:13     | Noticed Maurice
 35821 | D:13     | Killed Maurice
 36187 | D:13     | Received a gift from Trog
 36738 | D:14     | Got an ichor-stained chain mail
 36754 | D:14     | Identified the cursed +1 chain mail of True Grit {rPois
                  | Str+3 Int+3} (You found it on level 14 of the Dungeon)
 37405 | D:14     | Found a white marble altar of Elyvilon.
 37916 | D:14     | Reached skill level 16 in Fighting
 37922 | D:14     | Reached XP level 16. HP: 100/110 MP: 24/24
 38277 | D:15     | Entered Level 15 of the Dungeon
 38384 | D:14     | Received a gift from Trog
 39303 | D:15     | Found a staircase to the Depths.
 39777 | Snake:1  | Entered Level 1 of the Snake Pit
 39804 | Snake:1  | Reached skill level 1 in Stealth
 40081 | Snake:1  | Received a gift from Trog
 40105 | Snake:1  | Got a transparent falchion {god gift}
 40126 | Snake:1  | Identified the +2 falchion "Xavuobu" {flame, rPois rF+
                  | Int-5} (Trog gifted it to you on level 1 of the Snake Pit)
 40273 | Snake:1  | Reached skill level 10 in Crossbows
 41821 | Snake:2  | Reached skill level 5 in Stealth
 42059 | Snake:2  | Reached skill level 17 in Fighting
 42216 | Snake:2  | Reached XP level 17. HP: 117/117 MP: 26/26
 43218 | Snake:3  | Received a gift from Trog
 44387 | Snake:3  | Noticed Vashnia
 45442 | Snake:3  | Killed Vashnia
 45894 | Snake:4  | Entered Level 4 of the Snake Pit
 45898 | Snake:4  | Got a jet-encrusted ring mail
 45915 | Snake:3  | Identified the +3 ring mail of Surprise {Slay+2} (You found
                  | it on level 4 of the Snake Pit)
 46429 | Snake:4  | Received a gift from Trog
 48217 | Snake:4  | Reached XP level 18. HP: 49/124 MP: 28/28
 48419 | Snake:4  | Reached skill level 18 in Fighting
 48773 | Snake:4  | HP: 6/125 [shock serpent/bolt of electricity (16)]
 48795 | Snake:4  | HP: 4/125 [nagaraja/+2 spear of venom (7)]
 48795 | Snake:4  | HP: 1/125 [naga/+0 trident (3)]
 48795 | Snake:4  | Killed from afar by a nagaraja

Levels and vault maps discovered:
D:1:      dpeg_arrival_court, layout_basic, minmay_pentomino_q4
D:2:      layout_basic, nicolae_overflow_crystal_walls, first_ration,
          serial_park_tiny_2
D:3:      wad_river_or_something, layout_basic, lemuel_doored_altar,
          uniq_jessica
D:4:      minmay_recursive_quarters, layout_rooms, nemelex_altar_shiori,
          minmay_misc_feat_nine_boxes, sigmund_edmund_badplayer
D:5:      layout_loops_ring, old_standard_altar, old_standard_altar,
          vehumet_statue
D:6:      layout_basic, biasface_ghost_orc_armoury, serial_shops,
          nicolae_shop_waterfront, uniq_edmund, uniq_pikel
D:7:      layout_basic, nicolae_overflow_hidden_temple,
          minmay_temple_entry_butterflies, kennysheep_small_circle
D:8:      layout_loops_corners, slow_altar_2, amethyst_overflow_temple_binary,
          serial_shops, kennysheep_little_box
D:9:      layout_irregular_city, okawaru_gym_becter, dpeg_oklobed_lair,
          basic_altar
D:10:     layout_gridville, hiddenorc2_lemuel, the_bakery
D:11:     minmay_separated_statues, layout_loops_corners
D:12:     layout_loops_ring, serial_shops, kennysheep_mini,
          nrook_guardian_serpent_ordinary
D:13:     layout_cave_pools, lightli_vaults_fourway_checkpoint,
          grunt_decor_mini_mirrors, uniq_maurice
D:14:     layout_loops_corners, basic_altar
D:15:     grunt_enter_depths_magical_seal, layout_cave_pools, minivault_4
Temple:   minmay_temple_curvy_loop
Lair:1:   layout_hall_layers, beast_lair_carwin_8, uniq_maggie, uniq_harold
Lair:2:   layout_small_grid, elwin_shoals_entry_stream
Lair:3:   layout_regular_city, guppyfry_snake_entry_island,
          guppyfry_lair_drakes, infiniplex_staircase_pool, serial_bayou_shore_a,
          serial_bayou_shore_b, serial_bayou_shore_b, grunt_megastairs_1
Lair:4:   layout_regular_city, beast_lair_carwin_10
Lair:5:   layout_roguey, basic_altar, minmay_hedge_maze
Lair:6:   minmay_lair_end_frog_pond, layout_misc_corridors, slime_altar_2
Snake:1:  layout_misc_corridors
Snake:2:  layout_rooms
Snake:3:  layout_cave_town, lemuel_fruit_tree, uniq_vashnia
Snake:4:  grunt_snake_rune_serpentine_throne, layout_misc_corridors,
          serial_bayou_shore_b, serial_bayou_shore_b
Orc:1:    layout_caves, serial_shops, shop
Orc:2:    st_orc_rangers, layout_diamond_mine, basic_altar,
          portal_ice_cave_rime, sword_in_stone, uniq_donald

Skill      XL: |  1  2  3  4  5  6  7  8  9 10 11 12 13 14 15 16 17 18 |
---------------+-------------------------------------------------------+-----
Dodging        | 3 4 5 7 9 10 11 12 13 14 15 16 17 | 17.5
Short Blades   | 5 6 7 8 10 12 14 | 14.0
Fighting       | 4 5 6 8 10 11 13 14 16 17 18 | 18.0
Armour         | 3 5 6 |  6.8
Evocations     | 3 6 8 10 11 12 13 14 | 14.0
Crossbows      | 3 6 8 10 | 10.0
Shields        | 2 5 |  5.6
Stealth        | 5 6 |  6.0

Action                   |  1- 3 |  4- 6 |  7- 9 | 10-12 | 13-15 | 16-18 || total
-------------------------+-------+-------+-------+-------+-------+-------++-------
Melee: Short sword       |   150 |   272 |   131 |       |       |       ||   553
       Dagger            |       |       |   367 |   452 |       |       ||   819
       Rapier            |       |       |       |   700 |  1846 |   194 ||  2740
       Broad axe         |       |       |       |     5 |     7 |       ||    12
       Falchion          |       |       |       |       |       |   343 ||   343
 Fire: Hand crossbow     |       |       |       |     2 |   260 |   370 ||   632
Throw: Stone             |       |     9 |       |       |       |       ||     9
       Boomerang         |       |     5 |    57 |    67 |    35 |       ||   164
       Throwing net      |       |       |       |     2 |     2 |       ||     4
Invok: Berserk           |       |     3 |     4 |    13 |    13 |     2 ||    35
       Trog's Hand       |       |     1 |     4 |     9 |    16 |     6 ||    36
       Brothers in Arms  |       |       |       |     3 |       |     1 ||     4
Evoke: Lightning rod     |       |       |       |       |     2 |       ||     2
       Tin of tremorston |       |       |       |       |     1 |       ||     1
       Wand              |       |       |       |       |     4 |     1 ||     5
  Use: Scroll            |     5 |     5 |     4 |     4 |    16 |     3 ||    37
       Potion            |       |       |       |       |     1 |     5 ||     6
 Stab: Sleeping          |     2 |     2 |       |       |     4 |     4 ||    12
       Distracted        |     1 |       |       |       |     1 |     1 ||     3
       Held in net/web   |       |       |       |     3 |     1 |       ||     4
  Eat: Chunk             |    11 |    12 |    22 |    53 |    72 |    35 ||   205
       Ration            |       |       |       |       |       |     2 ||     2
Armor: Animal skin       |    15 |       |       |       |       |       ||    15
       Leather armour    |    14 |    53 |    63 |   107 |   156 |    38 ||   431
       Ring mail         |       |       |       |       |       |    25 ||    25
Dodge: Dodged            |   116 |   204 |   235 |   726 |  1216 |   639 ||  3136
Block: Buckler           |       |       |       |       |   317 |   258 ||   575
       Rpst.: Falchion   |       |       |       |       |       |    93 ||    93

Table legend:
 A = Non-vault XP
 B = Vault XP
 C = Vault XP percentage of total XP
 D = Non-vault monster count
 E = Vault monster count
 F = Vault count percentage of total count
                 A         B        C        D         E       F
            +---------+---------+-------+---------+---------+-------
      Total |  150713 |   61053 |  28.8 |     710 |     230 |  24.5
            +---------+---------+-------+---------+---------+-------
        D:1 |      47 |       5 |   9.6 |      26 |       3 |  10.3
        D:2 |      51 |       0 |   0.0 |      23 |       0 |   0.0
        D:3 |      61 |     128 |  67.7 |      25 |      10 |  28.6
        D:4 |     471 |     446 |  48.6 |      21 |       6 |  22.2
        D:5 |    1156 |     664 |  36.5 |      29 |       1 |   3.3
        D:6 |     558 |     857 |  60.6 |      25 |       8 |  24.2
        D:7 |    1339 |     215 |  13.8 |      20 |       2 |   9.1
        D:8 |    2691 |       5 |   0.2 |      33 |       1 |   2.9
        D:9 |    3328 |    1298 |  28.1 |      30 |       4 |  11.8
       D:10 |    2666 |     655 |  19.7 |      23 |      33 |  58.9
       D:11 |    5528 |       0 |   0.0 |      34 |       0 |   0.0
       D:12 |    8680 |    2145 |  19.8 |      41 |       4 |   8.9
       D:13 |    4740 |    5129 |  52.0 |      27 |      10 |  27.0
       D:14 |   12103 |       0 |   0.0 |      51 |       0 |   0.0
       D:15 |   14328 |    4471 |  23.8 |      42 |       8 |  16.0
     Lair:1 |    3958 |    2344 |  37.2 |      15 |       5 |  25.0
     Lair:2 |    5609 |    1427 |  20.3 |      17 |       4 |  19.0
     Lair:3 |    2934 |    1063 |  26.6 |      10 |       6 |  37.5
     Lair:4 |    1360 |    1999 |  59.5 |       6 |       8 |  57.1
     Lair:5 |    3660 |    1371 |  27.3 |      16 |       6 |  27.3
     Lair:6 |    5220 |   10261 |  66.3 |      16 |      41 |  71.9
    Snake:1 |   11211 |       0 |   0.0 |      23 |       0 |   0.0
    Snake:2 |   17086 |       0 |   0.0 |      32 |       0 |   0.0
    Snake:3 |   16074 |    9583 |  37.4 |      29 |       7 |  19.4
    Snake:4 |   21436 |    8120 |  27.5 |      43 |      15 |  25.9
      Orc:1 |    1798 |     130 |   6.7 |      16 |       1 |   5.9
      Orc:2 |    2620 |    8737 |  76.9 |      37 |      47 |  56.0
            +---------+---------+-------+---------+---------+-------
